 Dungeon Crawl Stone Soup version 0.16.1-7-g2c6721e (webtiles) character file.

12 Gorice the Skirmisher (level 2, -1/23 HPs)
             Began as a Demonspawn Wanderer on Mar 29, 2015.
             Slain by an ooze (3 damage)
             ... on level 1 of the Dungeon.
             The game lasted 00:01:49 (399 turns).

Gorice the Skirmisher (Demonspawn Wanderer)          Turns: 399, Time: 00:01:50

Health: -1/23      AC:  2    Str: 15    XL:     2   Next: 20%
Magic:  3/3        EV: 11    Int: 11    God:
Gold:   48         SH:  0    Dex: 11    Spells: 0 memorised, 3 levels left

rFire  . . .     SeeInvis .     d - +0 club
rCold  . . .     Clarity  .     c - +0 robe
rNeg   . . .     SustAb   .     (no shield)
rPois  .         Gourm    .     (no helmet)
rElec  .         Spirit   .     (no cloak)
rCorr  .         Warding  .     (no gloves)
rMut   .         Stasis   .     (no boots)
MR     .....                    (no amulet)
Stlth  +.........               (no ring)
                                (no ring)

@: not resistant to hostile enchantments, very unstealthy
A: hooves 1
a: no special abilities


You were on level 1 of the Dungeon.
You were not hungry.

You visited 1 branch of the dungeon, and saw 1 of its levels.

You collected 48 gold pieces.

Inventory:

Hand weapons
 d - a +0 club (weapon)
 e - a +0 dagger
 i - a +0 short sword
 k - a +0 spear
Missiles
 Z - 18 stones (quivered)
Armour
 c - a +0 robe (worn)
Scrolls
 b - a scroll of teleportation {!r}
 j - a scroll of recharging {unknown}
Potions
 l - a potion of brilliance {unknown}
 m - a potion of resistance {unknown}
Books
 a - a book of Necromancy
Comestibles
 f - a bread ration {!e}
 g - 2 beef jerkies
 h - 2 chunks of flesh


   Skills:
 * Level 2.9 Fighting
   Level 1.0 Long Blades
 - Level 1.0 Dodging
 - Level 1.7 Stealth
 - Level 1.0 Spellcasting
   Level 1.0 Hexes
   Level 1.1 Necromancy
   Level 1.0 Evocations


You had 3 spell levels left.
You didn't know any spells.

Dungeon Overview and Level Annotations

Branches:
Dungeon (1/15)

Altars:


Innate Abilities, Weirdness & Mutations

You have large cloven feet.


Message History

You kill the ooze!
You see here a giant cockroach corpse.
You see here a giant cockroach corpse.
You butcher the giant cockroach corpse.
h - 2 chunks of flesh (gained 1)
You start resting.
Some of the chunks of flesh in your inventory have rotted away.
The rat completely misses you.
You hit the rat.
You kill the rat!
You see here a rat corpse.
You see here a rat corpse.
You butcher the rat corpse.
h - 2 chunks of flesh (gained 1)
An ooze comes into view.
Drink which item? (? for menu, Esc to quit)
Okay, then.
There is a stone staircase leading down here.
The helpless ooze fails to defend itself.
You hit the ooze. You kick the ooze, but do no damage.
The ooze is lightly wounded.
The ooze barely misses you.
You hit the ooze.
The ooze is moderately wounded.
The ooze hits you.
You take 3 damage.
You barely miss the ooze. You kick the ooze, but do no damage.
The ooze is moderately wounded.
The ooze hits you.
You take 1 damage.
You barely miss the ooze.
The ooze is moderately wounded.
The ooze hits you.
You take 4 damage.
You hit the ooze. You kick the ooze, but do no damage.
The ooze is heavily wounded.
The ooze hits you.
* * * LOW HITPOINT WARNING * * *
You take 5 damage.
You are too injured to fight recklessly!
You are too injured to fight recklessly!
You are too injured to fight recklessly!
You are too injured to fight recklessly!
You are too injured to fight recklessly!
You are too injured to fight recklessly!
You are too injured to fight recklessly!
You hit the ooze. Your kick misses the ooze.
The ooze is heavily wounded.
The ooze hits you.
You die...

###### ##.... #####..####
##.........# #.....####.#
..##..## #.##
#####..###..#############
..............>.@J......#
######......###########..
#..............#
##.#####..#..#...
.#.............###
##........##.....
##.........#.#>####
###...............#
(.##......##...##.


You could see an ooze.

Vanquished Creatures
  A giant gecko (D:1)
  An ooze (D:1)
  2 giant cockroaches (D:1)
  A hobgoblin (D:1)
  3 bats (D:1)
  A kobold (D:1)
  2 rats (D:1)
11 creatures vanquished.

Notes
Turn   | Place    | Note
--------------------------------------------------------------
     0 | D:1      | Gorice, the Demonspawn Wanderer, began the quest for the Orb.
     0 | D:1      | Gorice set off with: a book of Necromancy, a scroll of teleportation {!r}, a +0 robe, a +0 club, a +0 dagger, a bread ration {!e}
     0 | D:1      | Reached XP level 1. HP: 16/16 MP: 2/2
   151 | D:1      | Gained mutation: You have large cloven feet. [demonic ancestry]
   151 | D:1      | Reached XP level 2. HP: 8/23 MP: 3/3
   244 | D:1      | HP: 5/23 [ooze (3)]
   250 | D:1      | HP: 5/23 [ooze (1)]
   398 | D:1      | HP: 2/23 [ooze (5)]
   399 | D:1      | Slain by an ooze

Action                   || total
-------------------------++-------
Melee: Club              ||    49
 Stab: Sleeping          ||     1

Table legend:
 A = Turns spent in this place as a percentage of turns spent in the entire game.
 B = Non-inter-level travel turns spent in this place as a percentage of non-inter-level travel turns spent in the entire game.
 C = Inter-level travel turns spent in this place as a percentage of turns spent in this place.
 D = Turns resting spent in this place as a percentage of non-inter-level travel turns spent in this place.
 E = Turns spent auto-exploring this place as a percentage of non-inter-level travel turns spent in this place.
 F = Non-inter-level travel turns spent in this place divided by the number of levels of this place that you've seen.
                   A       B       C       D       E      F
               +-------+-------+-------+-------+-------+----------------------
         Total | 100.0 | 100.0 |   0.0 |   0.8 |   2.4 | 253.0
       Dungeon | 100.0 | 100.0 |   0.0 |   0.8 |   2.4 | 253.0
               +-------+-------+-------+-------+-------+----------------------

Vault maps used:
D:1:      minmay_arrival_shattered_statue
